 Dungeon Crawl Stone Soup version 0.29.1-2-gbd0b4ee654 (webtiles) character file.

Game seed: 12803234179483780437

114 fantasyman the Chopper (level 4, -6/40 HPs)
             Began as a Hill Orc Fighter on Nov 14, 2022.
             Killed by an exploding adder (20 damage)
             ... ignited by their inner flame
             ... on level 3 of the Dungeon.
             The game lasted 00:02:50 (2359 turns).

fantasyman the Chopper (Hill Orc Fighter)           Turns: 2359, Time: 00:02:50

Health: -6/40      AC:  8    Str: 20    XL:     4   Next: 97%
Magic:  4/4        EV:  9    Int:  8    God:
Gold:   71         SH:  4    Dex: 10    Spells: 3/3 levels left

rFire   . . .      SeeInvis .   a - +0 war axe
rCold   . . .      Faith    .   c - +0 buckler
rNeg    . . .      Spirit   .   b - +0 scale mail
rPois   .          Reflect  .   (no helmet)
rElec   .          Harm     .   (no cloak)
rCorr   .          Rampage  .   h - +0 pair of gloves
Will    .....                   (no boots)
Stlth   ..........              (no amulet)
HPRegen 0.13/turn               (no ring)
MPRegen 0.09/turn               (no ring)

@: flying
A: no striking features
a: no special abilities


You were on level 3 of the Dungeon.
You visited 1 branch of the dungeon, and saw 3 of its levels.

You collected 71 gold pieces.

Inventory:

Hand Weapons
 a - a +0 war axe (weapon)
Armour
 b - a +0 scale mail (worn)
 c - a +0 buckler (worn)
 h - a +0 pair of gloves (worn)
Jewellery
 g - a ring of fire
Scrolls
 f - 2 scrolls of immolation
Potions
 d - 2 potions of might
 e - a potion of curing


   Skills:
 + Level 4.3 Fighting
 + Level 4.5 Axes
 + Level 4.1 Armour
 + Level 3.9 Shields


You had 3 spell levels left.
You didn't know any spells.
Your spell library contained the following spells:

 Spells                   Type           Power      Damage    Failure   Level
 Apportation              Tloc           0%         N/A       85%         1
 Alistair's Intoxication  Tmut/Pois      0%         N/A       100%        5


Dungeon Overview and Level Annotations

Branches:
Dungeon (3/15)

Altars:
Uskayaw

Shops:
D:3 [


Message History

You feel less confused. The giant cockroach closely misses you.
You slash the giant cockroach!
You kill the giant cockroach!
The adder bites you.
You hit the adder.
The adder is moderately wounded.
The adder bites you.
* * * LOW HITPOINT WARNING * * *
You barely miss the adder.
The adder is moderately wounded.
The adder bites you but does no damage. The adder barely misses you.
You barely miss the adder.
The adder is moderately wounded.
The adder barely misses you. The adder bites you but does no damage.
You miss the adder.
The adder is moderately wounded.
The adder closely misses you. The adder bites you.
* * * LOW HITPOINT WARNING * * *
You are poisoned.
The adder poisons you!
You closely miss the adder.
The adder is moderately wounded.
You feel sick. The adder barely misses you.
Unknown command.
It was a potion of curing.
You feel better. The adder bites you but does no damage.
It was a potion of flight.
You feel very buoyant.
You fly up into the air.
The adder bites you but does no damage. You block the adder's attack.
As you read the scroll labelled DINEON PIENK, it crumbles to dust.
The creatures around you are filled with an inner flame!
It was a scroll of immolation.
The adder bites you.
You slash the adder!
The adder explodes!
The fiery explosion engulfs the kobold!!
The fiery explosion engulfs you!!
Ouch! That really hurt!
You die...

.....#...##.
...........
#..........
#..........
...####.).......
.?.K...ro#.....
....###§#o......
.. #§#.....$.
#@#.......
###∩#.......
#w≈.≈.......
#.≈.≈...###.
#....#<#...#
##.###.#...# #..
#.#..... ... #+#
...## .. .#..#


You could see an orc (inner flame) and a rat (inner flame).

Vanquished Creatures
  An orc wizard (D:3)
  2 adders
  A worm (D:2)
  7 orcs (D:3)
  3 bats
  11 endoplasms
  4 giant cockroaches
  6 hobgoblins
  6 jackals
  6 kobolds
  4 quokkas
  4 ball pythons
  2 frilled lizards
  2 goblins (D:2)
  3 rats (D:2)
62 creatures vanquished.

Vanquished Creatures (others)
  A ball python (D:3)
1 creature vanquished.

Grand Total: 63 creatures vanquished

Notes
Turn   | Place    | Note
-------+----------+-------------------------------------------
     0 | D:1      | fantasyman the Hill Orc Fighter began the quest for the
                  | Orb.
     0 | D:1      | Reached XP level 1. HP: 19/19 MP: 1/1
    22 | D:1      | Noticed a merfolk zombie
    22 | D:1      | Noticed a demonspawn zombie
    58 | D:1      | Reached XP level 2. HP: 27/27 MP: 2/2
   304 | D:1      | Found a faded altar of an unknown god.
   588 | D:1      | Reached XP level 3. HP: 31/33 MP: 3/3
  1577 | D:2      | Found a hide-covered altar of Uskayaw.
  1674 | D:2      | Reached XP level 4. HP: 33/40 MP: 4/4
  2303 | D:3      | Found Roushusk's Antique Armour Boutique.
  2359 | D:3      | Killed by an exploding adder... ignited by their inner
                  | flame

Illustrated notes

Levels and vault maps discovered:
D:1:      shiori_arrival_whats_in_store_for_you, layout_loops_ring,
          basic_ecumenical_altar
D:2:      layout_basic, basic_altar
D:3:      layout_rooms, marbit_many_paths, serial_shops, shop_coins,
          nicolae_square_shop, nicolae_lakefront_shop,
          nicolae_shop_hallway_stairs, shop, guppyfry_early_orc_mine

Skill      XL: |  1  2  3  4 |
---------------+-------------+-----
Axes           | 3 4 |  4.5
Fighting       | 4 |  4.3
Armour         | 4 |  4.1
Shields        | |  3.9

Action                   |  1- 3 |  4- 6 || total
-------------------------+-------+-------++-------
Melee: War axe           |   137 |    51 ||   188
  Use: Potion            |     1 |     2 ||     3
       Scroll            |     1 |     1 ||     2
Armor: Scale mail        |    71 |    32 ||   103
Dodge: Dodged            |    69 |    34 ||   103
Block: Buckler           |    39 |    14 ||    53
